 Dungeon Crawl Stone Soup version 0.21.1-1-g345015f (webtiles) character file.

41984 timruff the Severer (level 13, -24/123 HPs)
             Began as a Minotaur Berserker on July 29, 2018.
             Was an Elder of Trog.
             Annihilated by an orc knight
             ... wielding a +2 halberd of holy wrath
              (27 damage)
             ... on level 1 of the Orcish Mines.
             The game lasted 01:02:06 (12817 turns).

timruff the Severer (Minotaur Berserker)           Turns: 12817, Time: 01:02:08

Health: -24/123    AC: 13    Str: 31    XL:     13   Next: 83%
Magic:  0/1        EV:  7    Int:  4    God:    Trog [****..]
Gold:   1296       SH:  0    Dex: 12    Spells: 12/12 levels left

rFire    . . .     SeeInvis +   N - +6 executioner's axe (antimagic)
rCold    + . .     Gourm    .   (shield currently unavailable)
rNeg     + . .     Faith    .   H - +1 plate armour "Ydghunit" {Regen+ MP-9 Str+6 Stlth+}
rPois    +         Spirit   +   (helmet restricted)
rElec    .         Reflect  .   u - +1 cloak
rCorr    .         Harm     .   D - +0 pair of gloves
MR       ++...                  (no boots)
Stlth    ..........             L - amulet of Hepliaklqana's Hope {Spirit SInv}
HPRegen  1.70/turn              G - ring of positive energy
MPRegen  0.07/turn              (no ring)

@: about to teleport, corroded, berserk cooldown, held, regenerating, slowed,
very slow
A: retaliatory headbutt, claws 1, horns 2, repulsion field 1, cold resistance 1,
poison resistance
a: Berserk, Trog's Hand, Brothers in Arms, Burn Spellbooks, Renounce Religion


You were on level 1 of the Orcish Mines.
You worshipped Trog.
Trog was greatly pleased with you.
You were not hungry.

You visited 2 branches of the dungeon, and saw 14 of its levels.
You visited the Abyss 1 time.
You also visited: Bailey.

You collected 1572 gold pieces.
You spent 276 gold pieces at shops.

Inventory:

Hand Weapons
 I - a +4 antimagic battleaxe
 N - a +6 antimagic executioner's axe (weapon)
Armour
 u - a +1 cloak (worn)
 D - a +0 pair of gloves (worn)
 F - a +0 large shield
 H - the +1 plate armour "Ydghunit" (worn) {Regen+ MP-9 Str+6 Stlth+}
   (You found it on level 6 of the Dungeon)

   It affects your strength (+6).
   It affects your magic capacity (-9).
   It increases your rate of regeneration.
   It makes you more stealthy.
Jewellery
 d - an uncursed ring of magical power
 G - a ring of positive energy (left hand)
 L - the amulet of Hepliaklqana's Hope (around neck) {Spirit SInv}
   (You acquired it in a bailey)

   [amulet of guardian spirit]

   It causes incoming damage to be split between your health and magic.
   It lets you see invisible.
Wands
 a - a wand of flame (8)
 k - a wand of iceblast (24)
 r - a wand of scattershot (6)
 s - a wand of random effects (11)
 y - a wand of digging (32)
Scrolls
 h - 4 scrolls of remove curse
 i - 3 scrolls of amnesia
 l - 6 scrolls of teleportation
 o - 4 scrolls of identify
 w - 2 scrolls of magic mapping
 z - 4 scrolls of immolation
 A - a scroll of fear
 E - a scroll of blinking
 J - 3 scrolls of fog
Potions
 j - a potion of agility
 m - 2 potions of flight
 n - a potion of magic {unknown}
 p - 2 potions of heal wounds {unknown}
 v - a potion of berserk rage
 x - 2 potions of might
 B - 5 potions of haste
 C - 4 potions of mutation
Comestibles
 c - 23 rations


   Skills:
 + Level 13.8 Fighting
 + Level 19.0 Axes
 + Level 13.2 Armour
 + Level 5.5 Dodging
 + Level 2.8 Stealth
 + Level 1.6 Shields
 + Level 1.6 Evocations


You had 12 spell levels left.
You didn't know any spells.

Dungeon Overview and Level Annotations

Branches:
Dungeon (12/15)            Temple (0/1) D:4            Lair (0/6) D:8
    Orc (2/2) D:10            Elf (0/3) Orc:2

Altars:
Fedhas
Kikubaaqudgha
Nemelex Xobeh
Qazlal
Ru
Sif Muna
Trog
Yredelemnul
The Shining One
Beogh

Shops:
D:4 [   Orc:2 :%*?*[=(


Innate Abilities, Weirdness & Mutations

You reflexively headbutt those who attack you in melee.
You have a pair of horns on your head.
You have sharp fingernails.
You are surrounded by a mild repulsion field. (EV +2)
Your flesh is cold resistant. (rC+)
Your system is resistant to poisons. (rPois)


Message History

The jumping spider leaps!
The jumping spider completely misses you.
You furiously retaliate!
You headbutt the jumping spider!
You kill the jumping spider!
The jumping spider's corpse disappears in a puff of smoke!
Okay, then.
As you read the scroll of teleportation, it crumbles to dust.
You feel strangely unstable.
The orc no longer looks unusually strong.
The tarantella bites you.
* * * LOW HITPOINT WARNING * * *
The tarantella bites you but does no damage.
The jumping spider leaps!
The orc warrior hits you but does no damage.
The deep elf mage hits you but does no damage.
The rust devil is engulfed in seething chaos.
The rust devil flickers and vanishes for a moment.
The tarantella bites you but does no damage.
The orc knight hits you from afar with a halberd of holy wrath!!
You die...

##..#.. #...#....
$.........
.........$.
#....s....#
###......oEE##
#......ยง.so4e##
##..........eos@.#
#..........s.4es.#
#...........4#.##
###..........####
##.#.........##
....#.......##
...........(.#####
.............#.#.##
##................#


You could see an orc knight, 2 earth elementals, 3 rust devils, 3 deep elf magi,
2 jumping spiders, 2 tarantellas, an orc warrior, a redback and an orc.

Vanquished Creatures
  A tentacled starspawn (Abyss:1)
  Josephine (D:12)
  Harold (Orc:1)
  A hydra (D:11)
  Erica (Orc:1)
  The ghost of Ymberto the Transmogrifier, a novice NaTm of Xom (D:11)
  5 two-headed ogres
  Urug (Orc:1)
  3 orc high priests
  The ghost of dvd the Transmogrifier, a novice OpTm of Cheibriados (D:10)
  3 unseen horrors
  A wretched star (Abyss:1)
  5 orc knights
  Pikel (D:8)
  2 manticores
  4 deep elf magi (Orc:1)
  2 cyclopes
  Joseph (D:7)
  Psyche (D:10)
  The ghost of Ymberto the Changer, a novice NaTm (D:4)
  A smoke demon (Abyss:1)
  A kobold demonologist (Bailey)
  2 rime drakes (D:12)
  A komodo dragon (D:8)
  An ancient zyme (Abyss:1)
  5 trolls
  4 slime creatures (D:12)
  4 hippogriffs
  3 starcursed masses (Abyss:1)
  A spriggan (D:7)
  5 wraiths
  11 yaks
  A basilisk (D:12)
  A hungry ghost (D:11)
  3 wargs
  Menkaure (D:7)
  3 ice beasts
  20 orc warriors
  4 slaves (D:6)
  A black bear (D:10)
  4 sky beasts
  8 ogres
  4 phantoms
  The ghost of zapotec the Insei, an amateur DsTm (D:3)
  17 centaurs
  2 big kobolds
  10 bullfrogs
  3 scorpions
  12 killer bees (D:11)
  4 wights (D:10)
  4 electric eels (Bailey)
  8 howler monkeys
  4 crimson imps
  2 bullfrog zombies
  A quasit (D:10)
  2 jellies
  19 orc priests
  6 hounds
  2 bullfrog skeletons
  2 centaur skeletons
  3 iguanas
  6 worker ants
  22 orc wizards
  3 hound zombies
  4 hound skeletons
  A howler monkey zombie (D:5)
  2 worker ant zombies
  15 adders
  15 gnolls
  2 howler monkey skeletons
  4 shadow imps
  A white imp (D:6)
  An ufetubus (Abyss:1)
  2 oozes
  2 worms (D:2)
  An adder zombie (D:5)
  5 dart slugs
  2 leopard geckos (D:1)
  99 orcs
  4 bats
  8 giant cockroaches
  16 goblins
  16 hobgoblins
  18 jackals
  7 quokkas
  3 frilled lizards
  3 goblin zombies (D:6)
  A jackal skeleton (D:8)
  12 kobolds
  2 kobold skeletons (D:6)
  2 kobold zombies (D:6)
  An orc skeleton (D:6)
  An orc zombie (D:6)
  8 rats
517 creatures vanquished.

Vanquished Creatures (collateral kills)
  An orc warlord (Orc:2)
  A hydra (D:11)
  2 orc high priests (Orc:2)
  3 orc knights (Orc:2)
  A deep elf mage (Orc:1)
  3 orc sorcerers (Orc:2)
  A cyclops (Orc:2)
  Maurice (D:11)
  9 orc warriors (Orc:2)
  A necrophage (D:11)
  2 centaurs (D:12)
  12 orc wizards
  6 orc priests (Orc:2)
  An ufetubus (Abyss:1)
  13 orcs
57 creatures vanquished.

Vanquished Creatures (others)
  A small abomination (Abyss:1)
  10 plants (D:8)
  4 starspawn tentacles (Abyss:1)
15 creatures vanquished.

Grand Total: 589 creatures vanquished

Notes
Turn   | Place    | Note
-------+----------+-------------------------------------------
     0 | D:1      | timruff the Minotaur Berserker began the quest for the Orb.
     0 | D:1      | Reached XP level 1. HP: 19/19 MP: 0/0
    51 | D:1      | Reached XP level 2. HP: 27/27 MP: 1/1
   103 | D:1      | Reached skill level 4 in Axes
   282 | D:1      | Reached XP level 3. HP: 29/33 MP: 2/2
   408 | D:1      | Reached ** piety under Trog
   798 | D:2      | Reached XP level 4. HP: 40/41 MP: 3/3
   940 | D:2      | Found a blossoming altar of Fedhas.
  1267 | D:2      | Found a deep blue altar of Sif Muna.
  1269 | D:2      | Found an ancient bone altar of Kikubaaqudgha.
  1375 | D:3      | Noticed zapotec's ghost (amateur DsTm)
  1383 | D:3      | Reached skill level 5 in Axes
  1385 | D:3      | Killed zapotec's ghost
  1385 | D:3      | Reached XP level 5. HP: 46/47 MP: 4/4
  1389 | D:3      | Reached skill level 6 in Axes
  1776 | D:3      | Reached *** piety under Trog
  2155 | D:4      | Found a staircase to the Ecumenical Temple.
  2176 | D:4      | Reached XP level 6. HP: 50/55 MP: 5/5
  2273 | D:4      | Found Ehad's Antique Armour Shoppe.
  2324 | D:4      | Found a basalt altar of Yredelemnul.
  2466 | D:4      | Noticed Ymberto's ghost (novice NaTm)
  2480 | D:4      | Killed Ymberto's ghost
  2480 | D:4      | Reached skill level 5 in Fighting
  2480 | D:4      | Reached skill level 7 in Axes
  2480 | D:4      | Reached XP level 7. HP: 61/61 MP: 6/6
  2592 | D:4      | Reached skill level 5 in Armour
  2802 | D:4      | Reached skill level 8 in Axes
  2957 | D:5      | Entered Level 5 of the Dungeon
  3205 | D:5      | Received a gift from Trog
  3205 | D:5      | Reached skill level 1 in Stealth
  3205 | D:5      | Reached XP level 8. HP: 70/70 MP: 7/7
  3261 | D:5      | Reached skill level 9 in Axes
  3778 | D:6      | Reached **** piety under Trog
  3841 | D:6      | Found a glowing golden altar of the Shining One.
  3843 | D:6      | Noticed Pikel
  4183 | D:6      | Reached skill level 10 in Axes
  4258 | D:6      | Found a bloodstained altar of Trog.
  4296 | D:6      | Found a sparkling altar of Nemelex Xobeh.
  4421 | D:6      | Noticed a cyclops
  4446 | D:6      | Reached XP level 9. HP: 69/78 MP: 8/8
  4469 | D:6      | Killed a cyclops
  4469 | D:6      | Reached skill level 11 in Axes
  4565 | D:6      | Got a translucent plate armour
  4585 | D:6      | Identified the cursed +1 plate armour "Ydghunit" {Regen+ MP-9 Str+6 Stlth+} (You found it on level 6 of the Dungeon)
  4999 | D:7      | Noticed Menkaure
  5003 | D:7      | Killed Menkaure
  5075 | D:7      | Noticed a two-headed ogre
  5083 | D:7      | Killed a two-headed ogre
  5083 | D:7      | Reached skill level 12 in Axes
  5205 | D:7      | Reached ***** piety under Trog
  5235 | D:7      | Reached XP level 10. HP: 82/88 MP: 0/9
  5261 | D:7      | Noticed Joseph
  5274 | D:7      | Killed Joseph
  5734 | D:7      | Gained mutation: You are surrounded by a mild repulsion field. (EV +2) [potion of mutation]
  5734 | D:7      | Gained mutation: Your flesh is cold resistant. (rC+) [potion of mutation]
  5734 | D:7      | Gained mutation: Your system is resistant to poisons. (rPois) [potion of mutation]
  5734 | D:7      | Gained mutation: You have sharp fingernails. [potion of mutation]
  5785 | D:8      | Reached skill level 13 in Axes
  5995 | D:8      | Received a gift from Trog
  6200 | D:8      | Found a staircase to the Lair.
  6228 | D:8      | Noticed a two-headed ogre
  6233 | D:8      | Killed a two-headed ogre
  6282 | D:8      | Killed Pikel
  6366 | D:8      | Reached skill level 5 in Dodging
  6472 | D:8      | Found a flagged portal.
  6478 | Bailey   | Entered a bailey
  6510 | Bailey   | Reached skill level 14 in Axes
  6534 | Bailey   | Found an iron altar of Okawaru.
  6534 | Bailey   | Noticed an orc high priest
  6551 | Bailey   | Killed an orc high priest
  6551 | Bailey   | Reached XP level 11. HP: 99/99 MP: 1/10
  6777 | Bailey   | Got a sparkling sapphire amulet
  6779 | Bailey   | Identified the amulet of Hepliaklqana's Hope {Spirit SInv} (You acquired it in a bailey)
  6877 | Bailey   | Noticed an orc knight
  6889 | Bailey   | Killed an orc knight
  6889 | Bailey   | Reached skill level 10 in Armour
  6945 | Bailey   | Noticed an orc knight
  6959 | Bailey   | Killed an orc knight
  6959 | Bailey   | Reached skill level 10 in Fighting
  7064 | Bailey   | Noticed an orc knight
  7079 | Bailey   | Killed an orc knight
  7464 | D:9      | You fall through a shaft!
  7464 | D:10     | Entered Level 10 of the Dungeon
  7520 | D:10     | Reached skill level 15 in Axes
  7600 | D:10     | Noticed dvd's ghost (novice OpTm)
  7608 | D:10     | Noticed Psyche
  7613 | D:10     | Killed dvd's ghost
  7617 | D:10     | Cast into level 1 of the Abyss (Psyche)
  7617 | Abyss:1  | Found a corrupted altar of Lugonu.
  7621 | Abyss:1  | Noticed a naga warrior
  7723 | Abyss:1  | Noticed a starcursed mass
  7730 | Abyss:1  | Killed a starcursed mass
  7732 | Abyss:1  | Killed a starcursed mass
  7732 | Abyss:1  | Killed a starcursed mass
  7798 | Abyss:1  | Noticed a tentacled starspawn
  7804 | Abyss:1  | Killed a tentacled starspawn
  7835 | Abyss:1  | Noticed a wretched star
  7851 | Abyss:1  | Lost intelligence.
  7856 | Abyss:1  | Killed a wretched star
  7867 | D:10     | Escaped the Abyss
  7869 | D:10     | Killed Psyche
  7982 | D:10     | Found a staircase to the Orcish Mines.
  7992 | D:10     | Received a gift from Trog
  8010 | D:10     | Found a roughly hewn altar of Beogh.
  8252 | D:10     | Found a runed door.
  8339 | D:10     | Reached skill level 16 in Axes
  8341 | D:10     | Reached XP level 12. HP: 110/110 MP: 0/8
  8621 | D:10     | Reached ****** piety under Trog
  8677 | D:10     | Found a roughly hewn altar of Beogh.
  8773 | D:9      | Found a sacrificial altar of Ru.
  8781 | D:9      | Noticed a two-headed ogre
  8787 | D:9      | Killed a two-headed ogre
  9525 | D:11     | Noticed an eight-headed hydra
  9531 | D:11     | Killed a ten-headed hydra
  9540 | D:11     | Noticed Maurice
  9542 | D:11     | Killed Maurice
  9808 | D:11     | Found a stormy altar of Qazlal.
  9813 | D:11     | Noticed Ymberto's ghost (novice NaTm)
  9831 | D:11     | Killed Ymberto's ghost
  9897 | D:11     | Noticed a seven-headed hydra
  9903 | D:11     | Killed an eight-headed hydra
  9908 | D:11     | Received a gift from Trog
  9912 | D:11     | Reached skill level 1 in Shields
 10107 | D:11     | Noticed a two-headed ogre
 10114 | D:11     | Killed a two-headed ogre
 10368 | D:12     | Found a frozen archway.
 10382 | D:12     | Reached skill level 17 in Axes
 10588 | D:12     | Noticed Josephine
 10604 | D:12     | Killed Josephine
 10604 | D:12     | Reached XP level 13. HP: 107/119 MP: 1/12
 10752 | D:12     | Reached skill level 1 in Evocations
 11158 | D:12     | Received a gift from Trog
 11575 | Orc:1    | Entered Level 1 of the Orcish Mines
 11611 | Orc:1    | Noticed Urug
 11622 | Orc:1    | Killed Urug
 11841 | Orc:2    | Entered Level 2 of the Orcish Mines
 11841 | Orc:2    | Found Yduckog's Book Shoppe.
 11866 | Orc:2    | Reached skill level 18 in Axes
 11921 | Orc:2    | Found a roughly hewn altar of Beogh.
 12028 | Orc:2    | Found Dewann's Assorted Antiques.
 12092 | Orc:2    | Received a gift from Trog
 12124 | Orc:2    | Noticed an orc warlord
 12141 | Orc:2    | Killed an orc warlord
 12320 | Orc:2    | Found Ziphan Peegi's General Store.
 12321 | Orc:2    | Found Lifac's Jewellery Boutique.
 12322 | Orc:2    | Found Byocwip's Antique Armour Boutique.
 12322 | Orc:2    | Found Mattul's Antique Weapon Shop.
 12352 | Orc:2    | Bought a scroll of enchant weapon for 112 gold pieces
 12363 | Orc:2    | Bought a pair of gloves for 67 gold pieces
 12463 | Orc:2    | Found Juuqupn's Food Boutique.
 12541 | Orc:2    | Found Qetap's Magic Scroll Shop.
 12544 | Orc:2    | Found a staircase to the Elven Halls.
 12562 | Orc:2    | Bought a scroll of enchant weapon for 97 gold pieces
 12741 | Orc:1    | Noticed Erica
 12745 | Orc:1    | Killed Erica
 12774 | Orc:1    | Noticed Harold
 12785 | Orc:1    | Killed Harold
 12804 | Orc:1    | Reached skill level 19 in Axes
 12816 | Orc:1    | HP: 5/123 [orc knight/halberd of holy wrath (8)]
 12817 | Orc:1    | Annihilated by an orc knight

Skill      XL: |  1  2  3  4  5  6  7  8  9 10 11 12 13 |
---------------+----------------------------------------+-----
Axes           | 4 5 6 7 8 10 12 14 16 17 19 | 19.0
Fighting       | 4 5 6 8 9 11 12 13 | 13.8
Armour         | 3 4 5 7 8 9 11 12 13 | 13.2
Dodging        | 3 4 5 |  5.5
Stealth        | 1 2 |  2.8
Shields        | 1 |  1.6
Evocations     | 1 |  1.6

Action                   |  1- 3 |  4- 6 |  7- 9 | 10-12 | 13-15 || total
-------------------------+-------+-------+-------+-------+-------++-------
Melee: Hand axe          |    62 |   109 |   227 |       |       ||   398
       Headbutt          |    10 |    18 |    73 |    93 |    37 ||   231
       War axe           |       |       |   114 |   444 |       ||   558
       Battleaxe         |       |       |       |    65 |    43 ||   108
       Executioner's axe |       |       |       |       |   120 ||   120
Invok: Berserk           |     1 |     3 |     1 |     5 |     4 ||    14
       Burn Spellbooks   |       |     1 |       |     2 |       ||     3
       Trog's Hand       |       |     1 |       |       |     3 ||     4
       Brothers in Arms  |       |       |       |     3 |    10 ||    13
Evoke: Wand              |       |       |       |     7 |    15 ||    22
  Use: Scroll            |       |     2 |     8 |    19 |     5 ||    34
       Potion            |       |       |     4 |     9 |     1 ||    14
 Stab: Paralysed         |       |       |       |     1 |       ||     1
  Eat: Chunk             |       |     8 |    11 |    22 |     9 ||    50
       Ration            |       |       |       |     1 |     2 ||     3
Armor: Animal skin       |     2 |       |       |       |       ||     2
       Ring mail         |    17 |    10 |       |       |       ||    27
       Chain mail        |       |    33 |   126 |       |       ||   159
       Plate armour      |       |       |    36 |   197 |   117 ||   350
Dodge: Dodged            |    47 |    45 |    99 |   236 |   163 ||   590
Block: Large shield      |       |       |       |     8 |       ||     8
       Buckler           |       |       |       |     6 |       ||     6
